 Dungeon Crawl Stone Soup version 0.29-a0-648-g6b26cc9f40 (webtiles) character file.

Game seed: 12980846405729401634

71 ytrimaz the Insei (level 4, 0/28 HPs)
             Began as an Octopode Transmuter on June 21, 2022.
             Slain by Jessica
             ... wielding a +0 club
              (4 damage)
             ... on level 3 of the Dungeon.
             The game lasted 00:03:07 (2865 turns).

ytrimaz the Insei (Octopode Transmuter)             Turns: 2865, Time: 00:03:07

Health: 0/28       AC:  2    Str:  9    XL:     4   Next: 24%
Magic:  2/8        EV: 19    Int: 17    God:
Gold:   70         SH:  0    Dex: 17    Spells: 2/8 levels left

rFire   . . .      SeeInvis .     - Unarmed
rCold   . . .      Faith    .   (shield currently unavailable)
rNeg    . . .      Spirit   .   (helmet currently unavailable)
rPois   x          Reflect  .   (no amulet)
rElec   .          Harm     .   (no ring)
rCorr   .          Rampage  .   (no ring)
Will    .....                   (no ring)
Stlth   ++........              (no ring)
HPRegen 0.09/turn               (no ring)
MPRegen 0.11/turn               (no ring)
                                (no ring)
                                (no ring)

@: spider-form (expiring), very slightly contaminated
A: venomous fangs, almost no armour, (amphibious), 8 rings, tiny, (camouflage
1), (gelatinous body 1), (nimble swimmer 1), (tentacles)
a: End Transformation


You were on level 3 of the Dungeon.
You were a venomous arachnid creature.
You visited 1 branch of the dungeon, and saw 3 of its levels.

You collected 70 gold pieces.

Inventory:

Scrolls
 c - 2 scrolls of brand weapon
 d - 2 scrolls of amnesia
 j - a scroll of blinking {unknown}
 k - a scroll of identify
Potions
 a - a potion of lignification
 b - a potion of flight {unknown}
 e - a potion of resistance {unknown}
 f - a potion of magic {unknown}
 g - 2 potions of degeneration {unknown}
 h - a potion of might {unknown}
 i - a potion of heal wounds {unknown}


   Skills:
 - Level 1.0 Fighting
 - Level 2.0 Dodging
 + Level 3.6 Unarmed Combat
 - Level 2.9 Spellcasting
 - Level 3.0 Transmutations


You had 2 spell levels left.
You knew the following spells:

 Your Spells              Type           Power      Damage    Failure   Level
a - Beastly Appendage     Tmut           24%        N/A       14%         1
b - Wereblood             Tmut           12%        N/A       21%         2
c - Spider Form           Tmut/Pois      7%         N/A       50%         3

Your spell library contained the following spells:

 Spells                   Type           Power      Damage    Failure   Level
 Poisonous Vapours        Pois/Air       4%         N/A       47%         2
 Ozocubu's Armour         Ice            2%         N/A       69%         3
 Ice Form                 Ice/Tmut       7%         N/A       85%         4
 Corpse Rot               Necr/Pois/Air  2%         N/A       96%         4
 Metabolic Englaciation   Hex/Ice        1%         N/A       100%        5
 Simulacrum               Ice/Necr       1%         N/A       100%        6


Dungeon Overview and Level Annotations

Branches:
Dungeon (3/15)

Altars:

Shops:
D:2 =

Annotations:
D:3 Jessica


Innate Abilities, Weirdness & Mutations

You are a venomous arachnid creature.
You have poisonous fangs.
You are tiny and dextrous.
Your spellcasting is less reliable in this form.
Your armour is entirely melded.
You are incapable of wielding weapons or throwing items.
You cannot wear most types of armour.
((You are amphibious.))
You can wear up to eight rings at the same time.
((Your skin changes colour to match your surroundings (Stealth+).))
((Your rubbery body absorbs attacks. (AC +1, EV +1)))
((You are camouflaged when in or above water. (Stealth+)))
((You have tentacles for arms and can constrict up to eight enemies at once.))


Message History

A rat is nearby!
A rat is nearby!
The helpless rat fails to defend itself.
You tentacle-slap the rat but do no damage.
Your grab misses the rat. The rat bites you.
You barely miss the rat. You grab the rat. You constrict the rat.
You kill the rat!
Jessica is nearby!
Jessica is nearby!
Jessica shouts!
Casting: Beastly Appendage (safe; 4% risk of failure)
Confirm with . or Enter, or press ? or * to list all spells.
The spell is extremely dangerous to miscast (28% risk of failure)!
Continue anyway?
You miscast Spider Form.
You are very lightly contaminated with residual magic.
Nothing appears to happen.
Unknown command.
Casting: Spider Form (extremely dangerous; 28% risk of failure)
Confirm with . or Enter, or press ? or * to list all spells.
The spell is extremely dangerous to miscast (28% risk of failure)!
Continue anyway?
You turn into a venomous arachnid creature.
The endoplasm quivers.
Unknown command.
Jessica points at you and mumbles some strange words.
Pain shoots through your body!
Ouch! That really hurt!
The endoplasm jiggles.
You hit Jessica but do no damage.
Jessica is poisoned.
Jessica misses you.
You are too injured to fight recklessly!
You are too injured to fight recklessly!
You are too injured to fight recklessly!
You hit Jessica but do no damage.
Jessica looks as sick as possible!
Your transformation is almost over.
Jessica casts a spell at you. Pain shoots through your body!
* * * LOW HITPOINT WARNING * * *
You hit Jessica.
Jessica looks as sick as possible!
Jessica is heavily wounded.
Jessica hits you with a +0 club.
You die...

..... ##.######
#.!......r....
......#...[....
#.....<.>.....
.......<.......
#.##..........
##..##J........
............# .#
#.........
..###...b.....# ##.#
#....#.... ####.##.###
#... ##.....J.. .. .#
..### ##.###...@## .. #
....###.........s# ..#
###............#.#####
#....................#
...............#.###.#
.................##
(........######...###
.............##.....##
.........###...........#
.........# ####.........


You could see Jessica (extremely poisoned) and an endoplasm.

Vanquished Creatures
  2 adders (D:2)
  A worm (D:2)
  A dart slug (D:2)
  8 ball pythons
  5 bats
  6 endoplasms
  3 goblins
  7 hobgoblins
  3 quokkas
  3 frilled lizards
  5 kobolds
  2 rats
46 creatures vanquished.

Notes
Turn   | Place    | Note
-------+----------+-------------------------------------------
     0 | D:1      | ytrimaz the Octopode Transmuter began the quest for the
                  | Orb.
     0 | D:1      | Reached XP level 1. HP: 13/13 MP: 3/3
   101 | D:1      | Reached XP level 2. HP: 12/18 MP: 3/5
  1212 | D:2      | Reached XP level 3. HP: 15/23 MP: 5/7
  1509 | D:1      | Learned a level 2 spell: Wereblood
  1513 | D:1      | Learned a level 3 spell: Spider Form
  1741 | D:2      | Found Qiedastro's Jewellery Emporium.
  2137 | D:2      | Reached XP level 4. HP: 23/28 MP: 6/8
  2671 | D:3      | Noticed Jessica
  2865 | D:3      | Slain by Jessica

Illustrated notes

Levels and vault maps discovered:
D:1:      wander_arrival_desolate, layout_loops_ring,
          shapermc_ecumenical_altar_petra, minmay_indecisive_spiral
D:2:      layout_basic, serial_shops, nicolae_lakefront_shop
D:3:      layout_rooms, uniq_sigmund, uniq_crazy_yiuf_cottage, uniq_jessica

Skill      XL: |  1  2  3 |
---------------+----------+-----
Transmutations | 3 |  3.0
Fighting       | |  1.0
Dodging        | |  2.0
Unarmed Combat | |  3.6
Spellcasting   | |  2.9

Action                   |  1- 3 |  4- 6 || total
-------------------------+-------+-------++-------
Melee: Unarmed           |    74 |    26 ||   100
       Tentacles         |    16 |     6 ||    22
       Constrict         |    22 |     6 ||    28
       Kick              |    17 |     4 ||    21
       Punch             |     2 |     1 ||     3
 Cast: Beastly Appendage |    18 |     4 ||    22
       Spider Form       |     1 |     1 ||     2
  Use: Scroll            |     6 |       ||     6
 Stab: Sleeping          |     1 |     4 ||     5
Armor: Skin              |     4 |     3 ||     7
Dodge: Dodged            |    40 |    13 ||    53

Table legend: (Time is in decaauts)
 A = Elapsed time spent in this place.
 B = Non-inter-level travel time spent in this place.
 C = Inter-level travel time spent in this place.
 D = Time resting spent in this place.
 E = Time spent auto-exploring this place.
 F = Levels seen in this place.
 G = Mean time per level.
                   A        B        C        D        E       F      G
               +--------+--------+--------+--------+--------+-----+--------+
         Total |   2861 |   2710 |    151 |    425 |   1885 |   3 |  953.7 |
       Dungeon |   2861 |   2710 |    151 |    425 |   1885 |   3 |  953.7 |
               +--------+--------+--------+--------+--------+-----+--------+

Top non-repeatable levels by time:
     D:1: 1410 daAuts
     D:2: 1291 daAuts
     D:3: 158 daAuts
